 Dungeon Crawl Stone Soup version 0.22-a0-42-g002c468 (webtiles) character file.

10502 grindst0ne the Archer (level 11, -7/94 HPs)
             Began as a Centaur Hunter on Jan 5, 2018.
             Was an Elder of Makhleb.
             Mangled by a cyclops (19 damage)
             ... on level 13 of the Dungeon.
             The game lasted 00:46:13 (13151 turns).

grindst0ne the Archer (Centaur Hunter)             Turns: 13151, Time: 00:46:14

Health: -7/94      AC:  6    Str: 14    XL:     11   Next: 37%
Magic:  17/17      EV: 12    Int: 13    God:    Makhleb [****..]
Gold:   509        SH:  0    Dex: 14    Spells: 5/10 levels left

rFire    . . .     SeeInvis .   b - +3 falchion (freeze)
rCold    . . .     Gourm    .   (no shield)
rNeg     . . .     Faith    .   I - +0 troll leather armour
rPois    .         Spirit   .   (no helmet)
rElec    .         Reflect  .   (no cloak)
rCorr    .         Harm     .   h - +0 pair of gloves
MR       .....                  (no barding)
Stlth    +.........             (no amulet)
HPRegen  0.65/turn              l - +3 ring of dexterity
MPRegen  0.15/turn              j - +3 ring of evasion

@: very quick
A: large, hooves 3, deformed body, speed 2, tough skin 3
a: Minor Destruction, Lesser Servant of Makhleb, Major Destruction, Renounce
Religion


You were on level 13 of the Dungeon.
You worshipped Makhleb.
Makhleb was greatly pleased with you.
You were not hungry.

You visited 1 branch of the dungeon, and saw 13 of its levels.

You collected 634 gold pieces.
You spent 125 gold pieces at shops.

Inventory:

Hand Weapons
 a - a +0 longbow
 b - a +3 falchion of freezing (weapon)
 t - the +1 quarterstaff of Ancient Evil {crush, +Inv Stlth+}
   (You found it on level 6 of the Dungeon)

   It inflicts extra damage upon your enemies.
   It lets you turn invisible.
   It makes you more stealthy.
Missiles
 d - 115 arrows
Armour
 h - a +0 pair of gloves (worn)
 y - a +3 leather armour of magic resistance
 I - a +0 troll leather armour (worn)
Magical Staves
 L - an uncursed staff of power
Jewellery
 e - a +2 ring of strength
 j - a +3 ring of evasion (right hand)
 l - a +3 ring of dexterity (left hand)
 A - a +1 ring of protection
 C - an uncursed ring of protection from magic
Wands
 z - a wand of disintegration (15)
 G - a wand of iceblast (9)
 H - a wand of acid (11)
 K - a wand of paralysis (15)
Scrolls
 c - 7 scrolls of amnesia
 k - 3 scrolls of fear
 p - 2 scrolls of fog
 q - 5 scrolls of enchant weapon
 s - 4 scrolls of immolation
 u - 2 scrolls of teleportation {unknown}
 x - 4 scrolls of magic mapping
 D - 4 scrolls of remove curse
Potions
 g - a potion of agility
 i - 3 potions of heal wounds
 m - 8 potions of curing
 n - a potion of resistance
 o - 2 potions of brilliance
 r - a potion of might
 v - a potion of berserk rage
 B - 3 potions of lignification
Books
 w - a book of Necromancy

   Spells                             Type                      Level
   a - Pain                           Necromancy                   1
   b - Animate Skeleton               Necromancy                   1
   c - Vampiric Draining              Necromancy                   3
   d - Regeneration                   Charms/Necromancy            3
   e - Animate Dead                   Necromancy                   4
   f - Borgnjor's Vile Clutch         Necromancy/Earth             5
 E - a book of Battle

   Spells                             Type                      Level
   a - Infusion                       Charms                       1
   b - Shroud of Golubria             Charms/Translocation         2
   c - Song of Slaying                Charms                       2
   d - Spectral Weapon                Hexes/Charms                 3
   e - Regeneration                   Charms/Necromancy            3
 J - a book of Clouds

   Spells                             Type                      Level
   a - Poisonous Vapours              Poison/Air                   2
   b - Mephitic Cloud                 Conjuration/Poison/Air       3
   c - Conjure Flame                  Conjuration/Fire             3
   d - Freezing Cloud                 Conjuration/Ice/Air          6
   e - Ring of Flames                 Charms/Fire                  7
Comestibles
 f - 19 rations


   Skills:
 - Level 8.0 Fighting
 + Level 13.3 Bows
 - Level 1.3 Dodging
 - Level 0.4 Stealth
 + Level 4.2 Charms
 + Level 4.2 Necromancy
 - Level 7.2 Invocations
 - Level 8.1 Evocations


You had 5 spell levels left.
You knew the following spells:

 Your Spells              Type           Power        Failure   Level  Hunger
a - Regeneration          Chrm/Necr      ##........   21%         3    ####...
b - Song of Slaying       Chrm           ##......     11%         2    ###....


Dungeon Overview and Level Annotations

Branches:
Dungeon (13/15)            Temple (0/1) D:4            Lair (0/6) D:8
    Orc (0/2) D:10
 Vaults: D:13-14

Altars:
Ashenzari
Cheibriados
Elyvilon
Fedhas
Kikubaaqudgha
Makhleb
Nemelex Xobeh
Ru
Sif Muna
Trog
Vehumet
Wu Jian
Yredelemnul
Zin

Shops:
D:4 [   D:5 *   D:9 !

Annotations:
D:4 exclusion: downstairs


Innate Abilities, Weirdness & Mutations

You have hooves in place of feet.
Armour fits poorly on your strangely shaped body.
You cover ground very quickly.
You have extremely tough skin. (AC +3)


Message History

The cyclops misses you.
You hit the cyclops. You freeze the cyclops.
The cyclops is moderately wounded.
You hit the cyclops but do no damage. You kick the cyclops, but do no damage.
The cyclops is moderately wounded.
The cyclops barely misses you.
You completely miss the cyclops. You kick the cyclops.
The cyclops is moderately wounded.
The cyclops barely misses you.
You riposte.
You hit the cyclops. You freeze the cyclops.
You kick the cyclops, but do no damage.
The cyclops is moderately wounded.
All of the chunks of flesh in your inventory have rotted away.
You barely miss the cyclops.
The cyclops is moderately wounded.
The cyclops hits you!!
* * * LOW HITPOINT WARNING * * *
A demon appears!
You can no longer summon a greater servant of Makhleb.
The cyclops hits you!!
You die...

#...((.(.. #.
#.....((..
##.#########........(
....(....[.(.(F...(<.
..........((#####.###
.........(..#
............#
..........C.#
...........@#####.###
.....%.......4.......
#.#####(######.######
#(# .# #%# .# #%# #.#
... #.# #.# ....
.#####.######.######...
.......................


You could see a cyclops and a friendly orange demon.

Vanquished Creatures
  A slime creature (D:5)
  2 trolls
  A hippogriff (D:10)
  A shadow (D:13)
  4 hogs (D:7)
  3 yaks (D:9)
  A human (D:7)
  A hungry ghost (D:10)
  A steam dragon (D:9)
  A warg (D:10)
  6 orc warriors
  A sky beast (D:9)
  An ice beast (D:8)
  An eye of draining (D:13)
  A phantom (D:10)
  2 necrophages
  3 ogres
  3 centaurs
  A crocodile (D:9)
  4 big kobolds
  4 bullfrogs
  Blork the orc (D:6)
  2 scorpions (D:8)
  12 killer bees
  16 wights
  3 howler monkeys
  3 crimson imps
  A bullfrog zombie (D:10)
  A quasit (D:8)
  3 centaur zombies
  A centaur skeleton (D:6)
  4 hounds
  4 orc priests
  4 jellies
  Jessica (D:3)
  A bullfrog skeleton (D:6)
  Terence (D:3)
  3 iguanas
  12 orc wizards
  9 worker ants
  A hound zombie (D:10)
  3 worker ant zombies
  A howler monkey skeleton (D:7)
  13 adders
  2 shadow imps (D:5)
  5 oozes
  2 adder zombies
  3 adder skeletons
  5 worms
  3 dart slugs
  9 leopard geckos
  36 orcs
  7 bats
  2 giant cockroaches
  7 hobgoblins
  12 jackals
  19 kobolds
  3 quokkas
  3 ball pythons
  4 frilled lizards
  5 goblins
  A jackal zombie (D:6)
  2 leopard gecko skeletons
  8 rats
281 creatures vanquished.

Vanquished Creatures (collateral kills)
  Snorg (D:10)
  A centaur warrior (D:13)
  A cyclops (D:13)
  A manticore (D:13)
  A hippogriff (D:10)
  5 yaks (D:13)
  A wyvern (D:10)
  3 wargs (D:10)
  2 orc warriors (D:10)
  A bullfrog (D:13)
  10 killer bees
  A hound (D:10)
  A bullfrog zombie (D:10)
  An orc priest (D:10)
  An orc wizard (D:10)
  14 orcs (D:10)
45 creatures vanquished.

Vanquished Creatures (others)
  3 fungi (D:5)
  11 toadstools (D:5)
14 creatures vanquished.

Grand Total: 340 creatures vanquished

Notes
Turn   | Place    | Note
-------+----------+-------------------------------------------
     0 | D:1      | grindst0ne the Centaur Hunter began the quest for the Orb.
     0 | D:1      | Reached XP level 1. HP: 17/17 MP: 1/1
   296 | D:1      | Reached XP level 2. HP: 25/25 MP: 2/2
   720 | D:2      | Found a burning altar of Makhleb.
   727 | D:2      | Reached skill level 6 in Bows
   727 | D:2      | Reached XP level 3. HP: 21/31 MP: 3/3
   737 | D:2      | Became a worshipper of Makhleb the Destroyer
   828 | D:2      | Reached XP level 4. HP: 21/38 MP: 4/4
   940 | D:2      | Found a faded altar of an unknown god.
   973 | D:2      | Found a shattered altar of Ashenzari.
  1248 | D:2      | Found an ornate altar of the Wu Jian Council.
  1249 | D:2      | Found a basalt altar of Yredelemnul.
  1316 | D:2      | You fall through a shaft for 2 floors!
  1386 | D:4      | Found a staircase to the Ecumenical Temple.
  1421 | D:4      | Found Wohudilyna's Antique Armour Shoppe.
  1532 | D:4      | Noticed an ogre
  1538 | D:4      | Killed an ogre
  1538 | D:4      | Reached skill level 7 in Bows
  1538 | D:4      | Reached XP level 5. HP: 46/46 MP: 5/5
  1573 | D:3      | Reached * piety under Makhleb
  1598 | D:3      | Noticed Jessica
  1940 | D:3      | Killed Jessica
  2190 | D:3      | Found a blossoming altar of Fedhas.
  2411 | D:3      | Noticed Terence
  2425 | D:3      | Killed Terence
  2425 | D:3      | Reached XP level 6. HP: 51/53 MP: 6/6
  2741 | D:4      | Found a white marble altar of Elyvilon.
  2964 | D:4      | Found a sacrificial altar of Ru.
  2979 | D:4      | Reached skill level 8 in Bows
  2989 | D:4      | Reached skill level 5 in Fighting
  3107 | D:5      | Entered Level 5 of the Dungeon
  3138 | D:5      | Found Onoc's Assorted Antiques.
  3258 | D:5      | Reached ** piety under Makhleb
  3359 | D:5      | Reached XP level 7. HP: 34/61 MP: 7/7
  3377 | D:4      | Reached skill level 9 in Bows
  3899 | D:5      | Noticed a slime creature
  3899 | D:5      | Noticed a slime creature
  4278 | D:4      | Bought a runed leather armour for 125 gold pieces
  4731 | D:5      | Killed a large slime creature
  4731 | D:5      | Reached skill level 10 in Bows
  4731 | D:5      | Reached XP level 8. HP: 22/73 MP: 8/8
  5299 | D:5      | Found a deep blue altar of Sif Muna.
  5913 | D:6      | Reached skill level 11 in Bows
  6141 | D:6      | Learned a level 3 spell: Regeneration
  6165 | D:6      | Reached skill level 1 in Invocations
  6527 | D:6      | Reached XP level 9. HP: 81/81 MP: 11/11
  6565 | D:6      | Found an ancient bone altar of Kikubaaqudgha.
  6694 | D:6      | Reached *** piety under Makhleb
  6800 | D:6      | Reached skill level 12 in Bows
  6886 | D:6      | Got a shimmering quarterstaff
  6887 | D:6      | Identified the cursed +1 quarterstaff of Ancient Evil {crush, +Inv Stlth+} (You found it on level 6 of the Dungeon)
  6901 | D:6      | Noticed Blork the orc
  6945 | D:6      | Killed Blork the orc
  6951 | D:6      | Reached skill level 1 in Evocations
  7587 | D:7      | Found a radiant altar of Vehumet.
  7672 | D:7      | Reached skill level 5 in Invocations
  8187 | D:7      | Reached **** piety under Makhleb
  8715 | D:7      | Reached XP level 10. HP: 31/88 MP: 15/15
  9008 | D:8      | Reached skill level 5 in Evocations
  9041 | D:8      | Found a snail-covered altar of Cheibriados.
  9421 | D:8      | Found a staircase to the Lair.
  9668 | D:8      | Noticed a moth of wrath
  9670 | D:8      | Found a bloodstained altar of Trog.
 10343 | D:9      | Found Qiatu's Distillery.
 10401 | D:9      | Found a sparkling altar of Nemelex Xobeh.
 11022 | D:9      | Found a glowing silver altar of Zin.
 11022 | D:9      | Noticed an angel
 11081 | D:10     | Entered Level 10 of the Dungeon
 11109 | D:10     | Reached skill level 1 in Charms
 11109 | D:10     | Reached skill level 1 in Necromancy
 11125 | D:10     | Reached ***** piety under Makhleb
 11175 | D:10     | Learned a level 2 spell: Song of Slaying
 11500 | D:10     | Found a staircase to the Orcish Mines.
 11760 | D:10     | Noticed Snorg
 11796 | D:10     | Killed Snorg
 11796 | D:10     | Reached XP level 11. HP: 67/94 MP: 17/17
 12571 | D:11     | You fall through a shaft for 2 floors!
 12588 | D:13     | Reached skill level 13 in Bows
 12686 | D:12     | Noticed a green ugly thing
 12737 | D:13     | Noticed a centaur warrior
 12756 | D:13     | Killed a centaur warrior
 13151 | D:13     | Mangled by a cyclops

Vault maps used:
D:1:      tarquinn_simple_flora_water_d
D:2:      makhleb_heckhound_becter, ashenzari_conservatory_becter,
          gammafunk_temple_overflow_statue, chequers_ecumenical_altar_island,
          minmay_fountain_box, minmay_misc_feat_iff, hex_medium, st_stairs_13
D:3:      lemuel_round_altar, grunt_ministairs_3, uniq_terence, uniq_jessica
D:4:      elyvilon_altar_1, nicolae_ru_great_annihilating_truth,
          minmay_temple_entry_glass, serial_shops, shop
D:5:      cheibrodos_fertilizer, serial_shops, shop, first_ration,
          lemuel_blue_sif_altar
D:6:      kiku_gazebo_pond_becter, minmay_item_behind_shaft, uniq_blork_the_orc
D:7:      lemuel_doored_altar, grunt_livestock
D:8:      tgw_trog, lair_entry_dummy, cheibriados_altar_1
D:9:      zin_angel, nemelex_xobeh_ov_fountains_minmay, serial_shops, shop
D:10:     minmay_orc_entry_guard_dogs, uniq_snorg
D:11:     enter_trove_5, serial_shops, nicolae_shop_crystal
D:12:     serial_shops, shop_statue, uniq_maurice
D:13:     nrook_mini_vaults

Skill      XL: |  1  2  3  4  5  6  7  8  9 10 11 |
---------------+----------------------------------+-----
Fighting       | 3 4 5 7 8 |  8.0
Bows           | 6 7 8 10 11 12 13 | 13.3
Invocations    | 3 7 |  7.2
Evocations     | 4 8 |  8.1
Charms         | 2 4 |  4.2
Necromancy     | 2 4 |  4.2
Dodging        | |  1.3
Stealth        | |  0.4

Action                   |  1- 3 |  4- 6 |  7- 9 | 10-12 || total
-------------------------+-------+-------+-------+-------++-------
Melee: Flail             |       |       |    15 |       ||    15
       Kick              |       |       |    20 |    17 ||    37
       Falchion          |       |       |    72 |    29 ||   101
       Quarterstaff      |       |       |       |    18 ||    18
 Fire: Shortbow          |    62 |   230 |   510 |   447 ||  1249
       Longbow           |       |       |       |    28 ||    28
Invok: Lesser Servant of |       |       |       |    13 ||    13
Evoke: Wand              |       |       |     2 |    16 ||    18
  Use: Scroll            |       |       |    14 |     7 ||    21
  Eat: Chunk             |       |     5 |     9 |    12 ||    26
       Ration            |       |       |     1 |       ||     1
Armor: Leather armour    |    11 |    55 |   103 |    48 ||   217
       Troll leather arm |       |       |       |     4 ||     4
Dodge: Dodged            |     9 |    57 |   119 |   115 ||   300
       Rpst.: Falchion   |       |       |    15 |     7 ||    22

Table legend:
 A = Spawn XP
 B = Non-spawn XP
 C = Spawn XP percentage of total XP
 D = Spawn monster count
 E = Non-spawn monster count
 F = Spawn count percentage of total count
 G = Total turns spent on level
                    A         B        C        D         E        F      G
               +---------+---------+-------+---------+---------+-------+---------
         Total |       0 |   15003 |   0.0 |       0 |     326 |   0.0 | 13151
               +---------+---------+-------+---------+---------+-------+---------
           D:1 |       0 |      21 |   0.0 |       0 |      10 |   0.0 |   590
           D:2 |       0 |     112 |   0.0 |       0 |      21 |   0.0 |  1023
           D:3 |       0 |     131 |   0.0 |       0 |      23 |   0.0 |   790
           D:4 |       0 |     391 |   0.0 |       0 |      18 |   0.0 |  1312
           D:5 |       0 |    1369 |   0.0 |       0 |      32 |   0.0 |  2169
           D:6 |       0 |    1429 |   0.0 |       0 |      36 |   0.0 |  1620
           D:7 |       0 |    2224 |   0.0 |       0 |      42 |   0.0 |  1498
           D:8 |       0 |    1253 |   0.0 |       0 |      27 |   0.0 |   889
           D:9 |       0 |    2007 |   0.0 |       0 |      23 |   0.0 |  1190
          D:10 |       0 |    3409 |   0.0 |       0 |      65 |   0.0 |  1401
          D:11 |       0 |     110 |   0.0 |       0 |       1 |   0.0 |    89
          D:13 |       0 |    2547 |   0.0 |       0 |      28 |   0.0 |   574
               +---------+---------+-------+---------+---------+-------+---------
